AoeStats
← JIJINz

Lombardia

508870027Analyzed
4v4 RM · 9d ago on Sep 24, 2026· 31m 17s· 8 players
Game mode
Random Map
Map size
Large (8 player)
Population
200
Speed
Normal
Resources
Standard
Victory
Conquest
Starting age
Dark Age
Ending age
Imperial Age
RankedLock teamsTeams togetherTeam positionsShared explorationLock speedFull tech treeHidden civsTurbo modeCheats
Victory
Defeat
1598
+16
🇫🇷 Spanish · France
1566
+17
🇯🇵 Cumans · Japan
1550
+18
🇨🇳 Huns · China
1531
+18
🇹🇼 Byzantines · Taiwan
1602
-18
🇹🇼 Danes · Taiwan
1592
-17
🇹🇼 Saxons · Taiwan
1585
-17
1574
-17
JIJINz
8:40 Feudal Age
6:55 Loom
9:32 Double-Bit Axe
10:02 Horse Collar
16:06 Gold Mining
21:27 Castle Age
20:03 Wheelbarrow
20:13 Scale Barding Armor
20:19 Forging
22:41 Bow Saw
22:44 Heavy Plow
23:06 Chain Barding Armor
23:22 Iron Casting
23:39 Bloodlines
28:12 Hand Cart
34:05 Imperial Age
Jambonbeurre
10:15 Feudal Age
14:15 Castle Age
13:48 Double-Bit Axe
22:28 Loom
23:19 Wheelbarrow
25:44 Horse Collar
28:03 Hand Cart
32:59 Imperial Age
30:56 Bow Saw
30:49 Heavy Plow
30:43 Gold Mining
31:14 Scale Barding Armor
枕上鸳鸯睡红莲
6:13 Loom
9:02 Feudal Age
10:01 Double-Bit Axe
10:39 Horse Collar
11:56 Wheelbarrow
19:30 Castle Age
17:57 Forging
18:34 Bloodlines
18:38 Scale Barding Armor
19:32 Light Cavalry
20:12 Husbandry
20:30 Bow Saw
21:18 Chain Barding Armor
27:54 Hand Cart
27:45 Heavy Plow
29:31 Town Watch
30:43 Gold Mining
虎!虎!虎!
10:12 Feudal Age
15:32 Castle Age
14:00 Double-Bit Axe
15:00 Horse Collar
16:26 Fletching
19:05 Loom
20:04 Bodkin Arrow
22:21 Padded Archer Armor
23:05 Husbandry
23:54 Bloodlines
25:07 Leather Archer Armor
30:09 Thumb Ring
30:44 Wheelbarrow
30:29 Bow Saw
BøM_antihack.exe
8:08 Loom
10:24 Feudal Age
11:02 Double-Bit Axe
10:58 Horse Collar
19:19 Castle Age
20:51 Bow Saw
21:01 Fletching
22:14 Bodkin Arrow
22:24 Elite Skirmisher
24:32 Padded Archer Armor
25:42 Pikeman
27:19 Scale Mail Armor
28:16 Ballistics
再吵去東湖框你媽出場
7:01 Loom
9:54 Feudal Age
12:29 Wheelbarrow
18:27 Castle Age
16:50 Double-Bit Axe
17:46 Horse Collar
19:34 Bow Saw
26:26 Scale Barding Armor
28:21 Husbandry
28:31 Bloodlines
29:42 Gold Mining
30:28 Chain Barding Armor
31:13 Heavy Plow
BøM_Sheuu
0:46 Loom
9:29 Loom
11:26 Feudal Age
15:52 Castle Age
13:51 Double-Bit Axe
13:52 Horse Collar
16:52 Bow Saw
20:23 Fletching
23:05 Bodkin Arrow
Tensorflow
9:12 Feudal Age
10:04 Loom
11:49 Double-Bit Axe
12:45 Wheelbarrow
20:48 Castle Age
Connection lost

Rejoining the realm…

Still unreachable

The connection could not be restored.

Session expired

The server has moved on; the page needs a fresh start.